 Dungeon Crawl Stone Soup version 0.29.0-11-gd7f09526c8 (webtiles) character file.

Game seed: 5611347603977241063

23 greasedhog the Ducker (level 2, -6/18 HPs)
             Began as a Deep Elf Abyssal Knight on Sept 7, 2022.
             Was a Believer of Lugonu.
             Mangled by Terence
             ... wielding a +0 trident
              (8 damage)
             ... on level 2 of the Dungeon.
             The game lasted 00:01:38 (1129 turns).

greasedhog the Ducker (Deep Elf Abyssal Knight)     Turns: 1129, Time: 00:01:39

Health: -6/18      AC:  4    Str: 10    XL:     2   Next: 75%
Magic:  5/5        EV: 12    Int: 14    God:    Lugonu [**....]
Gold:   60         SH:  0    Dex: 15    Spells: 3/3 levels left

rFire   . . .      SeeInvis .   a - +2 short sword
rCold   . . .      Faith    .   (no shield)
rNeg    . . .      Spirit   .   b - +0 leather armour
rPois   .          Reflect  .   (no helmet)
rElec   .          Harm     .   (no cloak)
rCorr   .          Rampage  .   d - +0 pair of gloves
Will    .....                   (no boots)
Stlth   +.........              (no amulet)
HPRegen 0.06/turn               (no ring)
MPRegen 0.09/turn               (no ring)

@: mighty
A: no striking features
a: Renounce Religion, Depart the Abyss, Bend Space


You were on level 2 of the Dungeon.
You worshipped Lugonu.
Lugonu was pleased with you.
You visited 1 branch of the dungeon, and saw 2 of its levels.
You visited the Abyss 1 time.

You collected 60 gold pieces.

Inventory:

Hand Weapons
 a - a +2 short sword (weapon)
Armour
 b - a +0 leather armour (worn)
 d - a +0 pair of gloves (worn)
Potions
 c - a potion of ambrosia {unknown}
 e - a potion of might


   Skills:
 - Level 2.4 Fighting
 * Level 2.4 Short Blades
 - Level 0.7 Armour
 - Level 2.4 Dodging
 * Level 1.0 Spellcasting
 * Level 1.7 Hexes
 - Level 2.4 Invocations


You had 3 spell levels left.
You didn't know any spells.
Your spell library contained the following spells:

 Spells                   Type           Power      Damage    Failure   Level
 Ensorcelled Hibernation  Hex/Ice        6%         N/A       36%         2
 Passwall                 Tmut/Erth      0%         N/A       47%         2
 Swiftness                Air            0%         N/A       71%         3


Dungeon Overview and Level Annotations

Branches:
Dungeon (2/15)

Altars:

Annotations:
D:2 Terence


Message History

You hit the ball python.
The ball python is heavily wounded.
The ball python closely misses you. The ball python grabs you.
The ball python constricts you.
You hit the ball python.
You kill the ball python!
Lugonu accepts your kill.
Your Spellcasting skill increases to level 1!
No target in view!
No target in view!
You see here a ball python corpse.
Terence the Incautious comes into view.
He is wielding a +0 trident.
Terence shouts!
Terence is nearby!
Terence is nearby!
You aren't carrying any scrolls.
It was a potion of might.
You feel very mighty all of a sudden.
Terence hits you from afar with a +0 trident.
Terence hits you with a +0 trident!
* * * LOW HITPOINT WARNING * * *
You puncture Terence!
Terence is moderately wounded.
Terence barely misses you.
You puncture Terence!
Terence is severely wounded.
You closely miss Terence.
Terence is severely wounded.
Terence hits you with a +0 trident.
* * * LOW HITPOINT WARNING * * *
You barely miss Terence.
Terence is severely wounded.
Terence barely misses you.
You hit Terence.
Terence is severely wounded.
Terence closely misses you.
You hit Terence.
Terence is almost dead.
Terence hits you with a +0 trident!
You die...

### # #..
#.#.#
###.#.######
#..........#
#.##.@####†#
#.@# #.#
#..# #<#
#..# ###
#..# #..#
#..# #..#


You could see Terence.

Vanquished Creatures
  A bat (D:1)
  3 endoplasms (D:1)
  2 giant cockroaches (D:1)
  A goblin (D:1)
  4 hobgoblins (D:1)
  A quokka (D:1)
  5 ball pythons
  A rat (D:1)
18 creatures vanquished.

Notes
Turn   | Place    | Note
-------+----------+-------------------------------------------
     0 | Abyss:1  | greasedhog the Deep Elf Abyssal Knight began the quest for
                  | the Orb.
     0 | Abyss:1  | Reached XP level 1. HP: 13/13 MP: 4/4
     1 | D:1      | Escaped the Abyss
   239 | D:1      | Found a faded altar of an unknown god.
   596 | D:1      | Reached skill level 1 in Hexes
   605 | D:1      | Reached XP level 2. HP: 14/18 MP: 5/5
  1116 | D:2      | Reached skill level 1 in Spellcasting
  1121 | D:2      | Noticed Terence
  1129 | D:2      | Mangled by Terence

Illustrated notes

Levels and vault maps discovered:
D:1:      noname_arrival_rooms_in_the_neighbourhood, layout_basic,
          dreamdust_ecumenical_altar_angels_and_demons
D:2:      minmay_evil_eye, layout_basic, hex_large, kennysheep_generic_room_2,
          uniq_jessica, uniq_natasha, uniq_terence

Skill      XL: |  1  2 |
---------------+-------+-----
Hexes          | 1 |  1.7
Spellcasting   | 1 |  1.0
Fighting       | |  2.4
Short Blades   | |  2.4
Armour         | |  0.7
Dodging        | |  2.4
Invocations    | |  2.4

Action                   || total
-------------------------++-------
Melee: Short sword       ||    70
  Use: Scroll            ||     4
       Potion            ||     1
Armor: Leather armour    ||    16
Dodge: Dodged            ||    56
